 Dungeon Crawl Stone Soup version 0.27-a0-1184-ge86db4a01e (webtiles) character file.

Game seed: 5886051609536201898

144 Wyvernaa the Shield-Bearer (level 5, -3/61 (63) HPs)
             Began as a Formicid Fighter on May 19, 2021.
             Slain by a crimson imp
             ... wielding a +1 dagger of chaos
              (16 damage)
             ... on level 3 of the Dungeon.
             The game lasted 00:05:47 (2707 turns).

Wyvernaa the Shield-Bearer (Formicid Fighter)       Turns: 2707, Time: 00:05:48

HP:   -3/61 (63)    AC: 22    Str: 20    XL:     5   Next: 51%
MP:   5/5           EV:  2    Int:  8    God:
Gold: 171           SH:  0    Dex: 11    Spells: 4/4 levels left

rFire    . . .     SeeInvis .   a - +0 trident
rCold    . . .     Faith    .   c - +0 kite shield
rNeg     + + +     Spirit   .   (armour currently unavailable)
rPois    +         Reflect  .   (helmet unavailable)
rElec    .         Harm     .   (cloak currently unavailable)
rCorr    .         Rampage  .   (gloves currently unavailable)
Will     .....                  (boots currently unavailable)
Stlth    +.........             (no amulet)
HPRegen  0.20/turn              l - ring of poison resistance
MPRegen  0.09/turn              (no ring)

@: confused, mighty, tree-form, lightly drained
A: stationary, stasis, torment immunity, boosted hp, permanent stasis, dig
shafts and tunnels, (antennae 3), four strong arms
a: no special abilities


You were on level 3 of the Dungeon.
You were a tree.
You visited 1 branch of the dungeon, and saw 3 of its levels.

You collected 171 gold pieces.

Inventory:

Hand Weapons
 a - a +0 trident (weapon)
Armour
 b - a +0 scale mail (melded)
 c - a +0 kite shield (worn)
Jewellery
 l - a ring of poison resistance (left branch)
Wands
 i - a wand of digging (4)
Scrolls
 f - 2 scrolls of identify
 j - a scroll of enchant armour {unknown}
Potions
 d - a potion of might
 e - a potion of magic
 g - a potion of mutation
 n - a potion of flight {unknown}


   Skills:
 + Level 3.8 Fighting
 * Level 3.9 Polearms
 + Level 4.0 Armour
 + Level 0.3 Dodging
 * Level 4.3 Shields


You had 4 spell levels left.
You didn't know any spells.
Your spell library was empty.

Dungeon Overview and Level Annotations

Branches:
Dungeon (3/15)

Altars:
Wu Jian
Xom
Zin


Innate Abilities, Weirdness & Mutations

You are a tree.
Your roots penetrate the ground, keeping you stationary.
You cannot be teleported.
You are immune to unholy pain and torment.
Your maximum health is greatly increased.
Your equipment is partially melded.
You cannot be hasted, slowed, berserked, paralysed or teleported.
You can dig through walls and to a lower floor.
((You have a pair of large antennae on your head. (SInv)))
Your four strong arms can wield two-handed weapons with a shield.


Message History

You puncture the crimson imp!
The crimson imp is severely wounded.
The crimson imp spits at you.
The crimson imp hits you but does no damage.
You feel better.
The crimson imp hits you but does no damage.
You feel drained.
You feel better.
The crimson imp hits you with a +1 dagger of chaos.
The crimson imp freezes you.
* * * LOW HITPOINT WARNING * * *
You hit the crimson imp but do no damage.
The crimson imp is heavily wounded.
The crimson imp hits you with a +1 dagger of chaos.
* * * LOW HITPOINT WARNING * * *
You barely miss the crimson imp.
The crimson imp is heavily wounded.
The crimson imp hits you but does no damage.
You feel very mighty all of a sudden. The crimson imp barely misses you.
You barely miss the crimson imp.
The crimson imp is moderately wounded.
The crimson imp hits you with a +1 dagger of chaos.
* * * LOW HITPOINT WARNING * * *
The crimson imp hits you with a +1 dagger of chaos.
* * * LOW HITPOINT WARNING * * *
You are confused.
You are too confused!
Unknown command.
You are too confused!
It was a potion of haste.
Your stasis prevents you from being hasted.
The crimson imp hits you but does no damage.
Really quaff the potion of lignification?
You turn into a tree.
Your +0 scale mail melds into your body.
Your roots penetrate the ground.
The crimson imp hits you but does no damage.
You are electrocuted!
You die...

......### ......... ..
........ .. ....... #.
.....### . .#.....##.#
........#.##.#
..........##.# ###
.##....)####.###♣# #
###.###†####.##5###.####
#{# #.#....###{......#
##.# #....#.# #.#####.#
#.5###.#..#.###.####
##......#.......§##.#
........##.#####.##.#
#.......#.#.#..<.§..####
##..#...#.#^#....5.....#


You could see a crimson imp.

Vanquished Creatures
  A crimson imp (D:3)
  Ijyb (D:3)
  2 adders (D:2)
  2 worms
  3 orcs
  7 ball pythons
  3 bats
  5 endoplasms
  5 goblins
  8 hobgoblins
  2 jackals (D:1)
  3 quokkas
  2 frilled lizards
  4 kobolds
  3 rats
51 creatures vanquished.

Notes
Turn   | Place    | Note
-------+----------+-------------------------------------------
     0 | D:1      | Wyvernaa the Formicid Fighter began the quest for the Orb.
     0 | D:1      | Reached XP level 1. HP: 18/18 MP: 1/1
   181 | D:1      | Reached XP level 2. HP: 21/24 MP: 2/2
   805 | D:2      | Reached XP level 3. HP: 29/29 MP: 3/3
  1419 | D:2      | Reached XP level 4. HP: 32/37 MP: 4/4
  1511 | D:2      | Found a faded altar of an unknown god.
  2014 | D:3      | Noticed Ijyb
  2048 | D:3      | Killed Ijyb
  2257 | D:3      | Reached XP level 5. HP: 32/42 MP: 5/5
  2337 | D:3      | Found a glowing silver altar of Zin.
  2519 | D:3      | Found an ornate altar of the Wu Jian Council.
  2625 | D:3      | Found a shimmering altar of Xom.
  2698 | D:3      | HP: 1/42 [crimson imp/+1 dagger of chaos (18)]
  2707 | D:3      | Slain by a crimson imp

Illustrated notes

Levels and vault maps discovered:
D:1:      minmay_arrival_three_doors, layout_basic, minmay_pentomino_s4
D:2:      layout_basic, hellmonk_ecumenical_altar_arch_garden
D:3:      layout_basic, old_standard_altar, lemuel_round_altar, led_xom_imps,
          minmay_diced_spiral, uniq_ijyb

Skill      XL: |  1  2  3  4  5 |
---------------+----------------+-----
Shields        | 4 |  4.3
Polearms       | 3 |  3.9
Armour         | 4 |  4.0
Fighting       | |  3.8
Dodging        | |  0.3

Action                   |  1- 3 |  4- 6 || total
-------------------------+-------+-------++-------
Melee: Trident           |    83 |   125 ||   208
 Abil: Dig               |       |     4 ||     4
  Use: Scroll            |     6 |     1 ||     7
       Potion            |     1 |     5 ||     6
Armor: Scale mail        |    17 |    28 ||    45
       Skin              |       |     1 ||     1
Dodge: Dodged            |    19 |    39 ||    58
Block: Kite shield       |    34 |    49 ||    83

Table legend: (Time is in decaauts)
 A = Elapsed time spent in this place.
 B = Non-inter-level travel time spent in this place.
 C = Inter-level travel time spent in this place.
 D = Time resting spent in this place.
 E = Time spent auto-exploring this place.
 F = Levels seen in this place.
 G = Mean time per level.
                   A        B        C        D        E       F      G
               +--------+--------+--------+--------+--------+-----+--------+
         Total |   2772 |   2726 |     46 |    392 |   1862 |   3 |  924.0 |
       Dungeon |   2772 |   2726 |     46 |    392 |   1862 |   3 |  924.0 |
               +--------+--------+--------+--------+--------+-----+--------+

Top non-repeatable levels by time:
     D:2: 1102 daAuts
     D:3: 859 daAuts
     D:1: 811 daAuts
